 Dungeon Crawl Stone Soup version 0.18-a0-1443-ge8f1551 (console) character file.

260 Liam the Magician (level 5, -3/28 HPs)
             Began as a Deep Elf Conjurer on Feb 29, 2016.
             Slain by a gnoll (6 damage)
             ... on level 5 of the Dungeon.
             The game lasted 00:05:45 (3400 turns).

Liam the Magician (Deep Elf Conjurer)               Turns: 3400, Time: 00:05:45

Health: -3/28      AC:  2    Str:  5    XL:     5   Next: 95%
Magic:  4/16       EV: 13    Int: 21    God:
Gold:   142        SH:  0    Dex: 15    Spells: 3 memorised, 7 levels left

rFire  . . .     SeeInvis .     (no weapon)
rCold  . . .     Gourm    .     a - +0 robe
rNeg   . . .     Faith    .     (no shield)
rPois  .         Spirit   .     (no helmet)
rElec  .         Dismiss  .     (no cloak)
rCorr  .         Reflect  .     (no gloves)
SustAt .         Harm     .     (no boots)
MR     .....                    (no amulet)
Stlth  ++........               (no ring)
                                (no ring)

@: not resistant to hostile enchantments, unstealthy
A: no striking features
a: no special abilities


You were on level 5 of the Dungeon.
You were not hungry.

You visited 1 branch of the dungeon, and saw 5 of its levels.

You collected 142 gold pieces.

Inventory:

Armour
 a - a +0 robe (worn)
Jewellery
 o - an uncursed amulet of regeneration {unknown}
Scrolls
 d - 3 scrolls of identify {unknown}
 i - a scroll of noise {unknown}
 k - a scroll of recharging {unknown}
 m - 2 scrolls of remove curse {unknown}
 q - 2 scrolls of fog {unknown}
Potions
 e - 4 potions of flight {unknown}
 f - a potion of brilliance {unknown}
 g - a potion of cancellation {unknown}
 h - a potion of degeneration {unknown}
 j - 2 potions of ambrosia {unknown}
 l - a potion of haste {unknown}
 n - a potion of resistance {unknown}
Books
 b - a book of Conjurations

   Spells                             Type                      Level
   a - Magic Dart                     Conjuration                  1
   b - Searing Ray                    Conjuration                  2
   c - Dazzling Spray                 Conjuration/Hexes            3
   d - Fulminant Prism                Conjuration/Hexes            4
   e - Iskenderun's Mystic Blast      Conjuration                  4
   f - Iskenderun's Battlesphere      Conjuration/Charms           5
Comestibles
 c - 3 bread rations
 p - a meat ration
 r - 2 beef jerkies
 s - a chunk of flesh


   Skills:
 - Level 2.4 Dodging
 - Level 2.4 Stealth
 + Level 6.5 Spellcasting
 + Level 6.2 Conjurations


You had 7 spell levels left.
You knew the following spells:

 Your Spells              Type           Power        Failure   Level  Hunger
a - Magic Dart            Conj           ####         1%          1    None
p - Iskenderun's Battles  Conj/Chrm      ###.....     78%         5    #####..
x - Iskenderun's Mystic   Conj           ####....     10%         4    ###....


Dungeon Overview and Level Annotations

Branches:
Dungeon (5/15)
 Temple: D:4-7

Altars:
Ashenzari
Gozag
Okawaru


Message History

Casting: Magic Dart
Confirm with . or Enter, or press ? or * to list all spells.
Aiming: Magic Dart
Press: ? - help, Shift-Dir - straight line, f - gnoll
Aim: a gnoll (heavily wounded)
The magic dart hits the gnoll.
The gnoll is heavily wounded.
The gnoll hits you.
* * * LOW HITPOINT WARNING * * *
Casting: Magic Dart
Confirm with . or Enter, or press ? or * to list all spells.
Aiming: Magic Dart
Press: ? - help, Shift-Dir - straight line, f/p - gnoll
Aim: a gnoll (heavily wounded)
The magic dart hits the gnoll.
The gnoll is almost dead.
You feel sick.
You are no longer poisoned.
The gnoll hits you.
You die...

#.....#
##.....
#......
#.....#
#....>#
#.....#
#....g#
#..@.#
#....#
#....#
#....#
.....#
......#
.......#
#+#######


You could see a gnoll.

Vanquished Creatures
  The ghost of Liam the Conjurer, an amateur DECj (D:3)
  Natasha (D:4)
  3 gnolls
  6 adders
  An ooze (D:3)
  3 worms
  4 giant geckos
  4 orcs (D:3)
  3 ball pythons
  9 bats
  A giant cockroach (D:2)
  3 goblins
  9 hobgoblins
  3 jackals (D:2)
  6 giant newts
  15 kobolds
  3 rats
75 creatures vanquished.

Notes
Turn   | Place    | Note
--------------------------------------------------------------
     0 | D:1      | Liam the Deep Elf Conjurer began the quest for the Orb.
     0 | D:1      | Reached XP level 1. HP: 10/10 MP: 6/6
   420 | D:1      | Reached XP level 2. HP: 15/15 MP: 4/8
  1039 | D:2      | Reached skill level 5 in Conjurations
  1039 | D:2      | Reached XP level 3. HP: 19/19 MP: 4/10
  1152 | D:2      | Found a shattered altar of Ashenzari.
  1156 | D:2      | Saw a vision of the Shoals and the Spider Nest.
  1156 | D:2      | Noticed a siren
  1156 | D:2      | Noticed a centaur
  1156 | D:2      | Noticed a centaur
  1156 | D:2      | Noticed a hippogriff
  1156 | D:2      | Noticed a merfolk
  1156 | D:2      | Noticed a siren
  1156 | D:2      | Noticed a wasp
  1156 | D:2      | Noticed a wasp
  1157 | D:2      | Noticed a merfolk
  1158 | D:2      | Noticed a redback
  1351 | D:2      | Found an opulent altar of Gozag.
  1914 | D:3      | Reached XP level 4. HP: 21/24 MP: 7/12
  2180 | D:3      | Reached skill level 5 in Spellcasting
  2227 | D:3      | Noticed Liam's ghost (amateur DECj)
  2463 | D:3      | Killed Liam's ghost
  2463 | D:3      | Reached XP level 5. HP: 15/28 MP: 0/15
  2654 | D:3      | Learned a level 4 spell: Iskenderun's Mystic Blast
  2660 | D:3      | Learned a level 5 spell: Iskenderun's Battlesphere
  3128 | D:3      | Found an iron altar of Okawaru.
  3260 | D:4      | Noticed Natasha
  3283 | D:4      | Killed Natasha
  3398 | D:5      | Entered Level 5 of the Dungeon
  3400 | D:5      | Slain by a gnoll

Vault maps used:
D:1:      minmay_arrival_up_and_down
D:2:      nicolae_gozag_cash_rules_everything_around_me, hex_medium,
          grunt_ashenzari_visionary
D:3:      okawaru_altar_gauntlet_db, first_bread
D:4:      lemuel_doored_altar, st_stairs_14, uniq_natasha
D:5:      vehumet_statue

Skill      XL: |  1  2  3  4  5 |
---------------+----------------+-----
Spellcasting   | 4 6 |  6.5
Conjurations   | 5 6 |  6.2
Dodging        | |  2.4
Stealth        | |  2.4

Action                   |  1- 3 |  4- 6 || total
-------------------------+-------+-------++-------
Melee: Unarmed           |       |     9 ||     9
 Cast: Magic Dart        |    87 |   109 ||   196
  Eat: Chunk             |     2 |     5 ||     7
